 Dungeon Crawl Stone Soup version 0.20-a0-454-g2b43fbb (webtiles) character file.

100287 AlphabetPasta the Imperceptible (level 15, 0/135 HPs)
             Began as a Spriggan Chaos Knight on Jan 8, 2017.
             Succumbed to a merfolk aquamancer's poison
             ... on level 3 of the Shoals on Jan 9, 2017.
             The game lasted 02:59:01 (27392 turns).

AlphabetPasta the Imperceptible (SpCK)             Turns: 27392, Time: 02:59:02

Health: 0/135      AC:  6    Str: 15    XL:     15   Next: 80%
Magic:  0/24       EV: 35    Int: 13    God:    Xom [...*..]
Gold:   1521       SH: 10    Dex: 27    Spells: 25/25 levels left

rFire  . . .     SeeInvis +     c - +4 scimitar (flame)
rCold  + . .     Gourm    .     k - +2 robe {MR+}
rNeg   . . .     Faith    .     h - +1 buckler
rPois  .         Spirit   +     s - +0 hat {MR+}
rElec  +         Reflect  .     J - +0 cloak
rCorr  .         Harm     .     (gloves unavailable)
MR     ++++.                    (boots unavailable)
Stlth  ..........               p - amulet of guardian spirit
                                y - ring of flight
                                n - +4 ring of dexterity

@: berserking (expiring), lethally poisoned (0 -> -1), very quick
A: unfitting armour, claws 1, hooves 1, horns 2, rugged brown scales 1,
camouflage 1, see invisible, cold resistance 1, herbivore 3, speed 3, robust 1,
electricity resistance, slow metabolism 2, strong 1, wild magic 1
a: Renounce Religion, Evoke Flight


You were on level 3 of the Shoals.
You worshipped Xom.
You were a favourite toy of Xom.
You were full.

You visited 4 branches of the dungeon, and saw 26 of its levels.
You visited the Abyss 1 time.
You also visited: Labyrinth, Ossuary and Ice Cave.

You collected 2247 gold pieces.
You spent 726 gold pieces at shops.

Inventory:

Hand Weapons
 b - a +2 dagger of venom
 c - a +4 scimitar of flaming (weapon)
 d - a +2 quick blade of freezing
Armour
 h - a +1 buckler (worn)
 k - a +2 robe of magic resistance (worn)
 s - a +0 hat of magic resistance (worn)
 J - a +0 cloak (worn)
Jewellery
 i - a +2 ring of protection
 n - a +4 ring of dexterity (left claw)
 p - an amulet of guardian spirit (around neck)
 q - an uncursed ring of positive energy
 x - an uncursed ring of protection from fire
 y - a ring of flight (right claw)
 H - an uncursed ring of poison resistance
Wands
 j - a wand of flame (12/48)
 r - a wand of confusion (20/48)
 z - a wand of random effects (33/48)
 A - a wand of digging (17/24)
 C - a wand of paralysis (16/24)
 E - a wand of lightning (5/15)
 G - a wand of confusion (25/48)
 I - a wand of paralysis (5/24)
 P - a wand of iceblast (7/15)
 Q - a wand of scattershot (4/9)
 S - a wand of enslavement (7/24)
 U - a wand of disintegration (0/24)
Scrolls
 e - 7 scrolls of remove curse
 f - 15 scrolls of identify
 g - 3 scrolls of teleportation
 o - 4 scrolls of fog
 t - a scroll of blinking
 w - 3 scrolls of fear
 N - a scroll of silence
 O - 3 scrolls of magic mapping
Potions
 a - a potion of ambrosia
 l - 10 potions of curing
 m - 5 potions of flight
 K - 3 potions of heal wounds
 L - a potion of invisibility
 V - 2 potions of cancellation
 W - a potion of might
Books
 u - a book of Minor Magic

   Spells                             Type                      Level
   a - Magic Dart                     Conjuration                  1
   b - Blink                          Translocation                2
   c - Call Imp                       Summoning                    2
   d - Repel Missiles                 Charms/Air                   2
   e - Slow                           Hexes                        2
   f - Conjure Flame                  Conjuration/Fire             3
   g - Mephitic Cloud                 Conjuration/Poison/Air       3
 R - a book of Maledictions

   Spells                             Type                      Level
   a - Corona                         Hexes                        1
   b - Ensorcelled Hibernation        Hexes/Ice                    2
   c - Confuse                        Hexes                        3
   d - Tukima's Dance                 Hexes                        3
   e - Dazzling Spray                 Conjuration/Hexes            3
Miscellaneous
 D - a lamp of fire
 T - a sack of spiders
 X - a phial of floods
 Y - a fan of gales
 Z - a phial of floods
Comestibles
 v - 6 fruits
 B - 7 royal jellies
 M - 14 bread rations


   Skills:
 + Level 9.6 Fighting
 * Level 16.3 Short Blades
 + Level 15.2 Dodging
 * Level 21.4 Stealth
 * Level 3.9 Shields
 - Level 5.6 Spellcasting
 - Level 11.2 Evocations


You had 25 spell levels left.
You didn't know any spells.

Dungeon Overview and Level Annotations

Branches:
Dungeon (15/15)            Temple (0/1) D:6            Lair (6/6) D:8
 Shoals (3/4) Lair:3       Spider (0/4) Lair:2        Slime (0/5) Lair:5
    Orc (2/2) D:11            Elf (0/3) Orc:2        Vaults (0/5) D:13
 Depths (0/5) D:15

Altars:
Ashenzari
Cheibriados
Dithmenos
Gozag
Kikubaaqudgha
Makhleb
Nemelex Xobeh
Okawaru
Qazlal
Sif Muna
Trog
Vehumet
Xom
Yredelemnul
The Shining One
Beogh

Shops:
D:7 }   D:12 *[   D:15 ?   Orc:1 [   Orc:2 [:}[!

Annotations:
Lair:4 exclusion: 2 oklob plants


Innate Abilities, Weirdness & Mutations

You are very small and have problems with some larger weapons.
You are too small for most types of armour.
You have supernaturally acute eyesight. (SInv)
You are a herbivore.
You cover ground extremely quickly.
You need consume almost no food.
You have sharp fingernails.
You have large cloven feet.
You have a pair of horns on your head.
You are partially covered in rugged brown scales. (AC +1, +3% HP)
Your skin changes colour to match your surroundings (Stealth+).
Your flesh is cold resistant. (rC+)
You are robust. (+10% HP)
You are resistant to electric shocks. (rElec)
Your muscles are strong. (Str +2)
Your spells are a little harder to cast, but a little more powerful.


Message History

You slash the merfolk! You burn the merfolk. You kick the merfolk.
Your headbutt misses the merfolk.
The merfolk is moderately wounded.
You block the merfolk's attack. The merfolk completely misses you.
The merfolk impaler barely misses you.
You hit the merfolk impaler. You kick the merfolk impaler.
Your headbutt misses the merfolk impaler.
The merfolk impaler is moderately wounded.
You block the merfolk's attack.
Your white imp misses the merfolk.
The merfolk hits you from afar with a trident of protection!!
* * * LOW HITPOINT WARNING * * *
Xom roars with laughter!
You block the merfolk impaler's attack.
Your quasit closely misses the merfolk. x2
Your quasit claws the merfolk but does no damage.
The merfolk impaler closely misses you.
You slice the merfolk impaler!! You burn the merfolk impaler.
You kick the merfolk impaler.
The merfolk impaler is severely wounded.
You die...
Xom guffaws!

≈........≈≈≈≈≈≈≈≈≈
≈.........≈≈≈≈.≈≈≈
≈≈≈......†.<≈≈...≈≈
≈≈≈......###.....≈≈
≈≈≈≈..≈..###...≈.≈≈
.≈≈≈≈≈....#....≈≈≈≈
...≈≈≈..).(.....≈≈≈
....≈..mm.§m..≈≈≈≈≈
#.....mEm@§m5≈≈≈≈≈≈
#......mm###5.≈≈≈≈≈
.......m## ...≈≈≈≈
......... m...≈≈≈
.........# .....≈≈
.m.......# ....≈
.<........ )
..........
m......##..


You could see 2 merfolk impalers, 7 merfolk, a water elemental, a friendly
quasit and a friendly white imp.

Vanquished Creatures
  Rupert (D:14)
  Gastronok (D:11)
  An emperor scorpion (D:15)
  A reaper (IceCv)
  2 entropy weavers (Lair:5)
  A dire elephant (D:15)
  Snorg (Lair:4)
  A fire dragon (D:15)
  A minotaur (Lab)
  Erolcha (Orc:1)
  Fannar (D:10)
  Josephine (Orc:2)
  A great orb of eyes (D:14)
  6 two-headed ogres
  Erica (D:11)
  6 hydras
  A merfolk aquamancer (Shoals:3)
  2 centaur warriors
  A death knight (D:15)
  3 ogre magi (Orc:2)
  5 death yaks
  A tengu warrior (D:13)
  A queen ant (Lair:5)
  Sonja (D:11)
  Nergalle (Orc:2)
  3 sea snakes
  An unseen horror (D:13)
  A lindwurm (Lair:6)
  A deep elf mage (D:14)
  A wolf spider (D:15)
  2 orc knights
  8 orc sorcerers
  A salamander (D:15)
  2 cyclopes (D:15)
  5 manticores
  8 elephants (Lair:6)
  3 fauns (Shoals:1)
  5 ugly things
  Maurice (D:10)
  3 black mambas
  A moth of wrath (D:7)
  2 merfolk sirens (Lair:3)
  2 ice statues (IceCv)
  Psyche (D:10)
  A gargoyle (D:13)
  3 centaur skeletons
  13 spiny frogs
  2 rime drakes (Lair:6)
  A yaktaur (D:15)
  7 ice devils (IceCv)
  An efreet (Lair:2)
  10 komodo dragons
  2 kobold demonologists (D:14)
  7 polar bears
  A wind drake (Shoals:3)
  A hornet (Lair:6)
  4 merfolk
  8 trolls
  11 blink frogs
  8 hippogriffs
  8 dream sheep (Lair:6)
  A slime creature (D:13)
  A centaur simulacrum (D:15)
  2 vampires
  7 wraiths
  7 wyverns
  5 basilisks
  2 water elementals (Shoals:3)
  23 yaks
  A hungry ghost (D:3)
  4 vampire mosquitoes (D:15)
  A harpy simulacrum (D:14)
  3 wargs
  21 soldier ants (Lair:5)
  7 porcupines
  12 water moccasins
  9 ice beasts
  An eye of draining (Lair:4)
  18 orc warriors
  3 necrophages
  A phantom (D:7)
  6 sky beasts
  A hornet zombie (D:15)
  17 ogres
  A wolf (shapeshifter) (Lair:6)
  13 wolves
  13 centaurs
  10 crocodiles
  4 big kobolds
  16 bullfrogs
  3 wyvern skeletons
  4 scorpions
  7 killer bees (D:8)
  24 wights
  2 electric eels (Lair:4)
  5 crimson imps
  2 howler monkeys
  2 lava snakes (D:7)
  5 centaur zombies
  A bullfrog zombie (D:12)
  15 jellies
  A quasit (D:11)
  4 bullfrog skeletons
  18 orc priests
  4 hounds
  4 iguanas
  Jessica (D:2)
  23 worker ants
  42 orc wizards
  A hound skeleton (D:4)
  4 mummies
  A worker ant zombie (D:9)
  Robin (D:3)
  14 adders
  2 shadow imps
  10 white imps (IceCv)
  4 ufetubi (IceCv)
  10 oozes
  5 adder skeletons
  5 worms
  6 leopard geckos
  81 orcs
  8 bats
  5 giant cockroaches
  17 goblins
  10 hobgoblins
  7 jackals
  3 quokkas
  2 frilled lizards
  A gnoll zombie (Ossuary)
  4 goblin zombies (Ossuary)
  3 hobgoblin zombies (Ossuary)
  24 kobolds
  4 kobold zombies (Ossuary)
  An orc zombie (Ossuary)
  6 rats
  A butterfly (Lair:2)
  3 plants
802 creatures vanquished.

Vanquished Creatures (collateral kills)
  A death yak (Lair:6)
  A tengu warrior (D:13)
  A wizard (D:13)
  A deep elf mage (D:13)
  An elephant (Lair:4)
  A troll (D:13)
  A warg (D:8)
  2 orc wizards (Orc:2)
  A worker ant (D:6)
  4 orcs
  A fungus (Lair:4)
  2 plants
17 creatures vanquished.

Vanquished Creatures (others)
  A wyvern (Lair:6)
  A yak (Lair:6)
  A crimson imp (D:6)
  An orc wizard (Orc:2)
  3 white imps (IceCv)
  4 ufetubi (IceCv)
  A bush (Lair:6)
  11 fungi
  26 plants (Lair:6)
49 creatures vanquished.

Grand Total: 868 creatures vanquished

Notes
Turn   | Place    | Note
-------+----------+-------------------------------------------
     0 | D:1      | AlphabetPasta the Spriggan Chaos Knight began the quest for the Orb.
     0 | D:1      | Reached XP level 1. HP: 11/11 MP: 2/2
    74 | D:1      | Reached skill level 1 in Stealth
    87 | D:1      | Reached XP level 2. HP: 15/16 MP: 3/3
    99 | D:1      | XOM: harmless Tmut miscast
   132 | D:1      | Reached skill level 2 in Stealth
   518 | D:1      | Reached XP level 3. HP: 19/19 MP: 4/4
   756 | D:2      | XOM: divination: detect items
   790 | D:2      | XOM: harmless Chrm miscast
   831 | D:2      | Reached skill level 3 in Stealth
   852 | D:2      | XOM: divination: detect items
   861 | D:2      | XOM: silly message
   907 | D:2      | XOM: harmless Summ miscast
   922 | D:2      | Found a sparkling altar of Nemelex Xobeh.
   922 | D:2      | Noticed Jessica
   927 | D:2      | Killed Jessica
   927 | D:2      | Reached XP level 4. HP: 18/23 MP: 5/5
  1043 | D:2      | XOM: harmless Air miscast
  1067 | D:2      | XOM: smoke on damage
  1069 | D:2      | Reached skill level 4 in Stealth
  1085 | D:2      | XOM: harmless Tmut miscast
  1133 | D:2      | Gained mutation: Your muscles are strong. (Str +2) [potion of beneficial mutation]
  1293 | D:2      | Found a snail-covered altar of Cheibriados.
  1293 | D:2      | Found a shattered altar of Ashenzari.
  1458 | D:3      | Found a deep blue altar of Sif Muna.
  1686 | D:3      | XOM: silly message
  1738 | D:3      | Reached XP level 5. HP: 10/28 MP: 6/6
  1754 | D:3      | Noticed Robin
  1766 | D:3      | Killed Robin
  1779 | D:3      | XOM: enchant monster (bad)
  1794 | D:3      | XOM: divination: magic mapping
  1815 | D:3      | XOM: medium Erth miscast
  1878 | D:3      | XOM: cloud trail
  2115 | D:3      | XOM: confuse monster(s)
  2146 | D:3      | XOM: cast spell 'Cause Fear'
  2263 | D:3      | XOM: harmless Conj miscast
  2411 | D:3      | Noticed a hungry ghost
  2420 | D:3      | Killed a hungry ghost
  2420 | D:3      | Reached skill level 5 in Short Blades
  2420 | D:3      | Reached skill level 5 in Dodging
  2420 | D:3      | Reached skill level 5 in Stealth
  2420 | D:3      | Reached XP level 6. HP: 32/32 MP: 7/7
  2488 | D:3      | XOM: mild Air miscast
  2644 | D:3      | XOM: divination: detect items
  2680 | D:4      | Found a sand-covered staircase.
  2687 | Ossuary  | Entered an ossuary
  2687 | Ossuary  | Noticed a wraith
  2687 | Ossuary  | Noticed a wraith
  2687 | Ossuary  | Noticed a wraith
  2702 | Ossuary  | XOM: divination: magic mapping
  2743 | Ossuary  | Reached skill level 6 in Stealth
  2803 | Ossuary  | Noticed a wraith
  2805 | Ossuary  | Killed a wraith
  2805 | Ossuary  | Reached XP level 7. HP: 32/36 MP: 8/8
  2872 | Ossuary  | XOM: god gift: leatherbound book {god gift}
  3013 | Ossuary  | Lost mutation: Your muscles are strong. (Str +2) [potion of cure mutation]
  3114 | D:4      | XOM: butterfly on damage
  3115 | D:4      | Reached skill level 7 in Stealth
  3179 | D:4      | Found a bloodstained altar of Trog.
  3265 | D:4      | XOM: medium Pois miscast
  3397 | D:4      | Found an ancient bone altar of Kikubaaqudgha.
  3506 | D:4      | XOM: noise
  3573 | D:4      | XOM: harmless Necr miscast
  3728 | D:5      | Entered Level 5 of the Dungeon
  4020 | D:5      | Reached skill level 8 in Stealth
  4210 | D:5      | XOM: harmless Ice miscast
  4299 | D:5      | Reached XP level 8. HP: 35/42 MP: 9/9
  4616 | D:6      | Found a staircase to the Ecumenical Temple.
  4622 | D:6      | XOM: cloud trail
  4635 | D:6      | XOM: mild Tmut miscast
  4682 | D:6      | Reached skill level 9 in Stealth
  4744 | D:6      | Noticed a two-headed ogre
  4758 | D:6      | Killed a two-headed ogre
  4758 | D:6      | Reached skill level 10 in Stealth
  5030 | D:6      | Found a glowing golden altar of the Shining One.
  5046 | D:6      | XOM: mild Tmut miscast
  5058 | D:6      | XOM: summons 5 friendly demons
  5063 | D:6      | Reached XP level 9. HP: 23/46 MP: 10/10
  5200 | D:6      | XOM: 1-stop teleportation journey
  5260 | D:6      | Found a stormy altar of Qazlal.
  5377 | D:6      | Found a shadowy altar of Dithmenos.
  5458 | D:6      | XOM: draining
  5470 | D:6      | Reached skill level 11 in Stealth
  5809 | D:6      | XOM: mild Tloc miscast
  5979 | D:7      | XOM: mild Conj miscast
  6111 | D:7      | Found Pasourhoe's Gadget Shop.
  6114 | D:7      | Bought a wand of random effects (33/48) for 245 gold pieces
  6182 | D:7      | XOM: fake destruction
  6201 | D:7      | XOM: cast spell 'Ring of Flames'
  6214 | D:7      | XOM: mild Air miscast
  6217 | D:7      | XOM: confusion (+ monsters)
  6220 | D:7      | Noticed a moth of wrath
  6220 | D:7      | a hippogriff changed into a moth of wrath
  6220 | D:7      | XOM: polymorph hippogriff -> moth of wrath
  6223 | D:7      | XOM: silly message
  6225 | D:7      | XOM: stat loss: -1 Int (12/13)
  6225 | D:7      | Killed a moth of wrath
  6225 | D:7      | Reached skill level 5 in Fighting
  6225 | D:7      | Reached skill level 1 in Evocations
  6227 | D:7      | XOM: noise
  6233 | D:7      | Reached skill level 12 in Stealth
  6435 | D:7      | XOM: 3-stop teleportation journey
  6500 | D:7      | Found an opulent altar of Gozag.
  6725 | D:7      | XOM: silly message
  6849 | D:8      | Reached XP level 10. HP: 27/51 MP: 13/13
  6858 | D:8      | XOM: summons 4 friendly demons
  6908 | D:8      | Found a staircase to the Lair.
  6928 | D:8      | XOM: divination: magic mapping
  6953 | D:8      | XOM: summons 7 friendly demons
  6994 | D:8      | XOM: summons friendly quasit
  7027 | D:8      | XOM: scenery: create altars
  7028 | D:8      | XOM: blink monster(s)
  7039 | D:8      | XOM: divination: detect creatures
  7228 | D:8      | Reached skill level 13 in Stealth
  7311 | D:8      | Found a basalt altar of Yredelemnul.
  7370 | D:8      | XOM: give mutation
  7370 | D:8      | Gained mutation: Your system is resistant to poisons. (rPois) [Xom's grace]
  7382 | D:9      | Noticed a two-headed ogre
  7389 | D:9      | XOM: summons friendly crimson imp
  7392 | D:9      | XOM: summons friendly ufetubus
  7400 | D:9      | Killed a two-headed ogre
  7400 | D:9      | Reached skill level 10 in Short Blades
  7944 | D:9      | XOM: noise
  7957 | D:9      | Found an iron altar of Okawaru.
  8087 | D:9      | XOM: noise
  8216 | D:9      | XOM: harmless Pois miscast
  8397 | D:10     | Entered Level 10 of the Dungeon
  8430 | D:10     | Noticed Fannar
  8436 | D:10     | Killed Fannar
  8436 | D:10     | Reached skill level 10 in Dodging
  8436 | D:10     | Reached skill level 14 in Stealth
  8436 | D:10     | Reached skill level 5 in Evocations
  8510 | D:10     | XOM: polymorph orc wizard -> worm
  8583 | D:10     | XOM: 2-stop teleportation journey
  8594 | D:10     | Noticed a two-headed ogre
  8595 | D:10     | Noticed Maurice
  8598 | D:10     | Killed a two-headed ogre
  8598 | D:10     | Reached XP level 11. HP: 56/56 MP: 16/16
  8603 | D:10     | Killed Maurice
  8716 | D:10     | Noticed Psyche
  8720 | D:10     | Killed Psyche
  9012 | D:11     | XOM: destruction
  9016 | D:11     | XOM: harmless Air miscast
  9043 | D:10     | XOM: chaos upgrade
  9422 | D:11     | Noticed Erica
  9428 | D:11     | Noticed a seven-headed hydra
  9431 | D:11     | Noticed Sonja
  9431 | D:11     | XOM: confuse monster(s)
  9450 | D:11     | Found a burning altar of Makhleb.
  9495 | D:11     | Noticed a white ugly thing
  9502 | D:11     | Killed a white ugly thing
  9623 | D:11     | XOM: cast spell 'Cause Fear'
  9661 | D:11     | XOM: harmless Pois miscast
  9683 | D:11     | Found a staircase to the Orcish Mines.
  9837 | D:11     | Killed Sonja
  9837 | D:11     | Reached skill level 15 in Stealth
  9905 | D:11     | Killed Erica
  9922 | D:11     | XOM: harmless Air miscast
  9943 | D:11     | Killed a five-headed hydra
  9952 | D:11     | Noticed Gastronok
  9968 | D:11     | XOM: noise
  9976 | D:11     | XOM: potion effect (haste)
  9978 | D:11     | Killed Gastronok
 10617 | D:12     | Found a frozen archway.
 10618 | D:12     | XOM: divination: detect creatures
 10634 | D:11     | XOM: potion effect (heal wounds)
 10644 | D:11     | XOM: blink monster(s)
 10702 | D:11     | Reached XP level 12. HP: 45/62 MP: 18/18
 10723 | D:11     | Reached skill level 16 in Stealth
 10790 | D:11     | XOM: noise
 10989 | D:11     | XOM: god gift: 14 gold pieces
 10999 | IceCv    | Entered an ice cave
 11044 | IceCv    | XOM: confuse monster(s)
 11068 | IceCv    | XOM: harmless Ice miscast
 11074 | IceCv    | XOM: harmless Ice miscast
 11345 | IceCv    | HP: 2/63 [ice devil (4)]
 11693 | IceCv    | HP: 3/63 [ice devil (5)]
 11983 | IceCv    | Noticed a reaper
 11990 | IceCv    | XOM: noise
 11997 | IceCv    | Killed a reaper
 12282 | IceCv    | Got a fine demon whip
 12536 | D:11     | XOM: harmless Tmut miscast
 12592 | Lair:1   | Entered Level 1 of the Lair of Beasts
 12647 | Lair:1   | XOM: cast spell 'Confusing Touch'
 12714 | Lair:1   | Found a labyrinth entrance.
 12738 | Lair:1   | Identified the +4 demon whip "Kuapouv" {venom, +Rage} (You found it in an ice cave)
 12744 | Lab      | Entered a labyrinth
 13139 | Lab      | Noticed a minotaur
 13159 | Lab      | Killed a minotaur
 13162 | Lab      | Got a crystal shortbow
 13168 | Lab      | Identified the +10 shortbow of the Brain {venom, Dex+3} (You found it in a labyrinth)
 13218 | Lair:1   | XOM: silly message
 13300 | Lair:1   | XOM: divination: detect items
 13417 | Lair:1   | XOM: divination: magic mapping
 13686 | Lair:2   | Reached skill level 17 in Stealth
 13762 | Lair:2   | Found a hole to the Spider Nest.
 13774 | Lair:2   | XOM: silly message
 13816 | Lair:2   | XOM: polymorph demonic crawler -> efreet
 14000 | Lair:2   | Noticed a five-headed hydra
 14002 | Lair:2   | XOM: scenery: 1 doors open
 14008 | Lair:2   | Killed a five-headed hydra
 14031 | Lair:2   | XOM: harmless Tmut miscast
 14168 | Lair:2   | XOM: god gift: 56 gold pieces
 14176 | Lair:2   | XOM: summons 2 friendly demons
 14179 | Lair:2   | XOM: divination: detect items
 14181 | Lair:2   | XOM: polymorph iron imp -> crimson imp
 14188 | Lair:2   | XOM: medium Fire miscast
 14220 | Lair:2   | Gained mutation: You possess an exceptional clarity of mind. [potion of mutation]
 14220 | Lair:2   | Gained mutation: Your body sometimes deteriorates upon taking damage. [potion of mutation]
 14484 | Lair:2   | XOM: scenery: 2 doors open
 14600 | Lair:2   | XOM: harmless Tmut miscast
 14725 | Lair:3   | XOM: summons 2 friendly demons
 14731 | Lair:3   | XOM: destruction
 14737 | Lair:3   | Reached XP level 13. HP: 67/67 MP: 20/20
 14939 | Lair:3   | XOM: 4-stop teleportation journey
 15249 | Lair:2   | XOM: give mutations
 15249 | Lair:2   | Gained mutation: You have large cloven feet. [Xom's grace]
 15249 | Lair:2   | Gained mutation: You have sharp fingernails. [Xom's grace]
 15249 | Lair:2   | Gained mutation: You evolve. [Xom's grace]
 15451 | Lair:3   | XOM: give mutations
 15451 | Lair:3   | Gained mutation: You are robust. (+10% HP) [Xom's grace]
 15451 | Lair:3   | Gained mutation: Your muscles are strong. (Str +2) [Xom's grace]
 15451 | Lair:3   | Gained mutation: You are partially covered in rugged brown scales. (AC +1, +3% HP) [Xom's grace]
 15554 | Lair:3   | Found a staircase to the Shoals.
 15599 | Lair:3   | Reached skill level 18 in Stealth
 15735 | Lair:3   | XOM is BORED!
 15735 | Lair:3   | XOM: summons 4 hostile shadow creatures
 15996 | Lair:4   | XOM: enchant monster (good)
 16233 | Lair:4   | Noticed Snorg
 16240 | Lair:4   | Killed Snorg
 16264 | Lair:4   | XOM: give mutations
 16264 | Lair:4   | Lost mutation: You possess an exceptional clarity of mind. [Xom's mischief]
 16264 | Lair:4   | Gained mutation: You occasionally shout uncontrollably at your foes. [Xom's mischief]
 16264 | Lair:4   | Lost mutation: Your muscles are strong. (Str +2) [Xom's mischief]
 16264 | Lair:4   | Gained mutation: Armour fits poorly on your strangely shaped body. [Xom's mischief]
 16543 | Lair:4   | XOM: confuse monster(s)
 16549 | Lair:4   | XOM: polymorph yak -> eye of draining
 16563 | Lair:4   | XOM: summons friendly shadow imp
 16584 | Lair:4   | XOM: summons 13 friendly demons
 16689 | Lair:4   | XOM: give mutation
 16689 | Lair:4   | Gained mutation: You have a pair of small horns on your head. [Xom's grace]
 16764 | Lair:4   | XOM: god gift: robe {god gift}
 16780 | Lair:4   | XOM: give mutations
 16780 | Lair:4   | Gained mutation: You are resistant to electric shocks. (rElec) [Xom's grace]
 16780 | Lair:4   | Gained mutation: You have a pair of horns on your head. [Xom's grace]
 16940 | Lair:4   | XOM: summons friendly quasit
 16942 | Lair:4   | XOM: cleaving
 17120 | Lair:5   | Found a staircase to the Slime Pits.
 17208 | Lair:5   | Reached skill level 1 in Spellcasting
 17404 | Lair:5   | XOM: scenery: 3 doors close
 17433 | Lair:5   | XOM: harmless Summ miscast
 17438 | Lair:5   | Noticed an entropy weaver
 17440 | Lair:5   | Noticed an entropy weaver
 17495 | Lair:5   | Reached skill level 10 in Evocations
 17679 | Lair:5   | XOM: cast spell 'Summon Small Mammal'
 17680 | Lair:5   | XOM: divination: detect creatures
 17704 | Lair:5   | XOM: harmless Chrm miscast
 17771 | Lair:5   | Killed an entropy weaver
 17813 | Lair:5   | XOM: potion effect (heal wounds)
 17903 | Lair:5   | XOM: divination: magic mapping
 17911 | Lair:5   | Killed an entropy weaver
 17911 | Lair:5   | Reached skill level 19 in Stealth
 18062 | Lair:5   | XOM: harmless Chrm miscast
 18261 | Lair:5   | XOM: silly message
 18376 | Lair:6   | Entered Level 6 of the Lair of Beasts
 18382 | Lair:5   | XOM: noise
 18486 | Lair:6   | XOM: 1-stop teleportation journey
 18488 | Lair:6   | XOM: 1-stop teleportation journey
 18526 | Lair:6   | XOM: confusion
 18536 | Lair:6   | XOM: enchant monster (bad)
 18540 | Lair:6   | XOM: confusion (+ monsters)
 18547 | Lair:6   | XOM: divine lightning (protected)
 18548 | Lair:6   | XOM: stat loss: -1 Int (12/13)
 18556 | Lair:6   | XOM: polymorph elephant -> swamp worm
 18557 | Lair:6   | Reached XP level 14. HP: 56/83 MP: 17/22
 18563 | Lair:6   | XOM: destruction
 18569 | Lair:6   | XOM: harmless Chrm miscast
 18571 | Lair:6   | XOM: enchant monster (bad)
 18574 | Lair:6   | XOM: summons friendly white imp
 18582 | Lair:6   | XOM: butterfly on damage
 18595 | Lair:6   | XOM: summons 4 friendly demons
 18601 | Lair:6   | XOM: confuse monster(s)
 18606 | Lair:6   | XOM: give mutation
 18606 | Lair:6   | Gained mutation: Your mind is acute. (Int +2) [Xom's grace]
 18841 | Lair:6   | XOM: cast spell 'Confusing Touch'
 18914 | Lair:6   | XOM: scenery: create altars
 19006 | Lair:6   | XOM: polymorph spiny frog -> hornet
 19019 | Lair:6   | XOM: give mutations
 19019 | Lair:6   | Lost mutation: Your body sometimes deteriorates upon taking damage. [Xom's mischief]
 19019 | Lair:6   | Lost mutation: You occasionally shout uncontrollably at your foes. [Xom's mischief]
 19019 | Lair:6   | Lost mutation: Your mind is acute. (Int +2) [Xom's mischief]
 19080 | Lair:6   | XOM: divination: magic mapping
 19087 | Lair:6   | XOM: potion effect (curing)
 19095 | Lair:6   | XOM: divination: detect items
 19353 | Lair:6   | Gained mutation: Your flesh is cold resistant. (rC+) [potion of beneficial mutation]
 19354 | Lair:6   | Gained mutation: Your spells are a little harder to cast, but a little more powerful. [potion of beneficial mutation]
 19398 | Lair:6   | XOM: summons friendly iron imp
 19438 | Lair:6   | XOM: smoke on damage
 19439 | Lair:6   | HP: 1/83 [manticore (5)]
 19500 | Lair:6   | XOM: give mutations
 19500 | Lair:6   | Lost mutation: Armour fits poorly on your strangely shaped body. [Xom's mischief]
 19500 | Lair:6   | Lost mutation: You evolve. [Xom's mischief]
 19500 | Lair:6   | Lost mutation: Your system is resistant to poisons. (rPois) [Xom's mischief]
 19523 | Lair:6   | XOM: cloud trail
 19674 | Lair:6   | XOM: harmless Hex miscast
 19739 | Lair:6   | XOM: enchant monster (good)
 19800 | Lair:6   | XOM: summons 7 friendly demons
 19951 | Lair:6   | XOM: butterfly on damage
 19966 | Lair:6   | XOM: fog
 20097 | Lair:6   | XOM: mild Air miscast
 20106 | Lair:6   | XOM: smoke on damage
 20158 | Lair:6   | XOM: polymorph komodo dragon -> elephant
 20162 | Lair:6   | XOM: destruction
 20247 | Lair:6   | XOM: medium Erth miscast
 20351 | Lair:6   | XOM: polymorph merfolk avatar -> six-headed hydra
 20383 | Lair:6   | Identified the Disquisition on Nocuous Air
 20421 | Lair:6   | XOM: polymorph two-headed ogre -> manticore
 20438 | Lair:6   | XOM: summons 11 friendly demons
 20464 | Lair:6   | XOM: cleaving
 20479 | Lair:6   | XOM: summons friendly iron imp
 20480 | Lair:6   | XOM: swap monsters
 20540 | Lair:6   | Reached skill level 15 in Short Blades
 20702 | Lair:3   | XOM: scenery: create altars
 20812 | Orc:1    | Entered Level 1 of the Orcish Mines
 20812 | Orc:1    | Found Hozim's Antique Armour Emporium.
 20812 | Orc:1    | Noticed Erolcha
 20817 | Orc:1    | Killed Erolcha
 20819 | Orc:1    | XOM: god gift: potion of heal wounds
 20900 | Orc:1    | XOM: enchant monster (bad)
 21027 | Orc:1    | XOM: cloud trail
 21213 | Orc:1    | Reached skill level 20 in Stealth
 21254 | Orc:1    | Found a bloodstained altar of Trog.
 21386 | Orc:1    | Reached skill level 5 in Spellcasting
 21417 | Orc:2    | Entered Level 2 of the Orcish Mines
 21417 | Orc:2    | Found a staircase to the Elven Halls.
 21422 | Orc:1    | XOM: harmless Tmut miscast
 21463 | Orc:2    | Found Sacyfoskur's Armour Boutique.
 21647 | Orc:2    | Found an ancient bone altar of Kikubaaqudgha.
 21647 | Orc:2    | XOM: 1-stop teleportation journey
 21648 | Orc:2    | Noticed Nergalle
 21657 | Orc:2    | XOM: summons 4 friendly demons
 21670 | Orc:2    | Killed Nergalle
 21765 | Orc:2    | XOM: harmless Tmut miscast
 21864 | Orc:2    | XOM: summons 5 hostile demons
 21895 | Orc:2    | Found a radiant altar of Vehumet.
 21900 | Orc:2    | Cast into level 2 of the Abyss (Xom)
 21958 | Orc:2    | Escaped the Abyss
 21971 | Orc:2    | Found a roughly hewn altar of Beogh.
 21972 | Orc:2    | Found Cumyob's Antique Armour Emporium.
 21978 | Orc:2    | Found Fyfirutz's Distillery.
 22019 | Orc:2    | Noticed Josephine
 22026 | Orc:2    | Killed Josephine
 22031 | Orc:2    | XOM: harmless Tloc miscast
 22168 | Orc:2    | XOM: chaos upgrade
 22177 | Orc:2    | XOM: enchant monster (bad)
 22326 | Orc:2    | Found Texzi's Book Emporium.
 22355 | Orc:2    | Found Udiesoj's Gadget Shoppe.
 22415 | Orc:2    | XOM: potion effect (heal wounds)
 22426 | Orc:2    | XOM: harmless Conj miscast
 22456 | Orc:2    | XOM: divination: detect creatures
 22477 | Orc:2    | XOM: potion effect (haste)
 22604 | Orc:2    | XOM: harmless Pois miscast
 22608 | Orc:2    | Bought a buckler for 99 gold pieces
 22622 | Orc:2    | Bought a potion of heal wounds for 75 gold pieces
 22622 | Orc:2    | Bought a potion of heal wounds for 75 gold pieces
 22622 | Orc:2    | Bought a potion of heal wounds for 75 gold pieces
 22622 | Orc:2    | Bought a potion of curing for 45 gold pieces
 22820 | Orc:2    | XOM: divination: detect items
 22868 | Orc:2    | XOM: 4-stop teleportation journey
 23153 | D:12     | XOM: give mutation
 23153 | D:12     | Gained mutation: Your muscles are strong. (Str +2) [Xom's grace]
 23171 | D:12     | Reached XP level 15. HP: 89/89 MP: 24/24
 23209 | D:12     | XOM: potion effect (haste)
 23235 | D:12     | Found Viurr's Antique Armour Emporium.
 23408 | D:12     | Found Higoberu's General Store.
 23408 | D:12     | XOM: 2-stop teleportation journey
 23452 | D:12     | Reached skill level 1 in Shields
 23628 | D:12     | XOM: harmless Divn miscast
 23973 | D:13     | XOM: summons friendly crimson imp
 24223 | D:13     | XOM: fake destruction
 24249 | D:13     | Found a gate to the Vaults.
 24332 | D:13     | XOM: medium Hex miscast
 24387 | D:13     | XOM: give mutation
 24387 | D:13     | Gained mutation: Your skin changes colour to match your surroundings (Stealth+). [Xom's grace]
 24437 | D:13     | XOM: scenery: create altars
 24455 | D:13     | XOM: enchant monster (bad)
 24657 | D:14     | XOM: repel stairs
 24662 | D:14     | XOM: polymorph green ugly thing -> great orb of eyes
 24667 | D:14     | XOM: summons friendly ufetubus
 24675 | D:14     | XOM: 1-stop teleportation journey
 24767 | D:14     | XOM: harmless Tmut miscast
 24769 | D:14     | XOM: enchant monster (bad)
 24819 | D:14     | Reached skill level 21 in Stealth
 24889 | D:14     | Noticed Rupert
 24893 | D:14     | Killed Rupert
 24964 | D:14     | XOM: smoke on damage
 25075 | D:13     | XOM: noise
 25480 | D:14     | Found a basalt altar of Yredelemnul.
 25765 | D:14     | XOM is BORED!
 25765 | D:14     | XOM: mild Tloc miscast
 25835 | D:14     | XOM: stat loss: -1 Dex (26/27)
 25846 | D:15     | Entered Level 15 of the Dungeon
 25878 | D:15     | Found Zosing's Magic Scroll Emporium.
 25886 | D:15     | Bought a scroll of blinking for 112 gold pieces
 25899 | D:15     | XOM: summons 7 hostile demons
 26141 | D:15     | XOM: enchant monster (bad)
 26144 | D:15     | Reached skill level 15 in Dodging
 26243 | D:15     | XOM: mild Fire miscast
 26266 | D:15     | XOM: summons 2 hostile shadow creatures
 26315 | D:15     | XOM: divination: detect creatures
 26493 | D:15     | Found a staircase to the Depths.
 26527 | D:15     | Identified the +1 robe of Ydaploz {Dex+7} (You found it on level 15 of the Dungeon)
 26556 | D:15     | XOM: summons friendly crimson imp
 26583 | D:15     | XOM: blink monster(s)
 26601 | D:15     | XOM: enchant monster (good)
 26602 | D:15     | XOM: smoke on damage
 26604 | D:15     | HP: 1/89 [troll (9)]
 27093 | Shoals:1 | XOM: noise
 27093 | Shoals:1 | Entered Level 1 of the Shoals
 27105 | Shoals:1 | XOM: cast spell 'Dispersal'
 27373 | Shoals:3 | XOM: summons 2 friendly demons
 27378 | Shoals:3 | XOM: harmless Erth miscast
 27388 | Shoals:3 | XOM: silly message
 27389 | Shoals:3 | XOM: smoke on damage
 27391 | Shoals:3 | HP: 1/135 [merfolk/trident of protection (15)]
 27392 | Shoals:3 | Succumbed to a merfolk aquamancer's poison

Vault maps used:
D:1:      dpeg_arrival_three_same_balls
D:2:      gammafunk_temple_overflow_elements, nicolae_overflow_crystal_walls,
          uniq_jessica
D:3:      overflow_temple_1_default, first_bread, kennysheep_generic_room_8,
          uniq_robin
D:4:      kennysheep_mini, lemuel_doored_altar, nicolae_ossuary_entry_plus
D:6:      nicolae_dithmenos_shadow_blocks, nicolae_overflow_hidden_temple,
          nicolae_qazlal_style_of_elements
D:7:      nicolae_gozag_cash_rules_everything_around_me, serial_shops,
          kennysheep_mini_moat, kennysheep_dice
D:8:      old_standard_altar, erik_lair_orcish_takeover
D:9:      okawaru_ov_weapons_minmay
D:10:     minmay_holes, uniq_maurice, uniq_fannar, uniq_psyche
D:11:     orc_0_dummy, lemuel_tele_altar, uniq_sonja, uniq_gastronok, uniq_erica
D:12:     serial_shops, shop, shop, serial_undead, serial_undead_a,
          serial_undead_c, serial_undead_e, serial_undead_c,
          portal_ice_cave_entry_ice_beasts
D:13:     david_vaults_1, hangedman_little_slice_of_home, st_stairs_12
D:14:     yredelemnul_altar_generic, uniq_rupert
D:15:     hangedman_depths_entry_try_elsewhere_first, serial_park_avenue1,
          serial_shops, shop
Lair:1:   lab_entry_generic, serial_bayou_shore_b, serial_bayou_shore_b
Lair:2:   nicolae_spider_entry_non_spiders, minivault_11, grunt_megastairs_2,
          lemuel_fruit_fields
Lair:3:   elwin_shoals_entry_stream
Lair:4:   beast_lair_carwin_4, grunt_megastairs_4, serial_bayou_shore_a,
          minmay_lair_oklob_chamber, lemuel_fruit_tree, uniq_snorg
Lair:5:   minmay_guarded_unrand_snakebite, nicolae_slime_entry_slimehenge,
          zaba_antful_of_joy
Lair:6:   gammafunk_lair_ancient_temple, patterned_corridor
Shoals:1: st_sunken_huts
Shoals:2: nicolae_shoals_island_circles, serial_shops, nicolae_shop_crystal
Shoals:3: nicolae_shoals_circle_sea_wall, uniq_polyphemus
Orc:1:    serial_shops, shop_fountains, trog_butcher_becter, uniq_erolcha
Orc:2:    kennysheep_orc_mage_school, serial_shops, shop,
          nicolae_orc_bridge_out, uniq_josephine
Lab:      labyrinth_spiral
Ossuary:  ossuary_kennysheep_city_of_the_dead
IceCv:    ice_cave_small_demon

Skill      XL: |  1  2  3  4  5  6  7  8  9 10 11 12 13 14 15 |
---------------+----------------------------------------------+-----
Stealth        | 1 2 3 4 5 6 8 10 12 14 15 17 19 20 21 | 21.4
Short Blades   | 4 5 6 7 9 10 11 13 14 15 16 | 16.3
Dodging        | 4 5 6 8 9 10 11 12 13 14 15 | 15.2
Fighting       | 3 4 5 6 7 8 9 |  9.6
Evocations     | 3 5 7 9 10 11 | 11.2
Spellcasting   | 3 5 |  5.6
Shields        | 3 |  3.9

Action                   |  1- 3 |  4- 6 |  7- 9 | 10-12 | 13-15 || total
-------------------------+-------+-------+-------+-------+-------++-------
Melee: Short sword       |    99 |   124 |   377 |   206 |     1 ||   807
       Dagger            |       |   146 |    36 |   402 |   285 ||   869
       Scimitar          |       |       |       |   324 |  1228 ||  1552
       Quick blade       |       |       |       |    73 |    57 ||   130
       Kick              |       |       |       |       |   831 ||   831
       Headbutt          |       |       |       |       |   482 ||   482
Evoke: Wand              |       |       |       |    20 |    49 ||    69
  Use: Potion            |     1 |     5 |     8 |    15 |    16 ||    45
       Scroll            |     1 |     3 |    11 |    10 |    15 ||    40
 Stab: Sleeping          |     3 |    13 |    26 |    49 |    63 ||   154
       Confused          |     2 |     3 |     4 |     4 |     9 ||    22
       Distracted        |     1 |       |     2 |    10 |    25 ||    38
       Paralysed         |     1 |     2 |     3 |     3 |     4 ||    13
       Invisible         |       |     1 |     1 |    10 |     6 ||    18
       Petrified         |       |       |     2 |       |     2 ||     4
       Petrifying        |       |       |     1 |     2 |       ||     3
  Eat: Pizza             |       |       |     1 |       |     1 ||     2
       Fruit             |       |       |     2 |     4 |    12 ||    18
       Bread ration      |       |       |       |     1 |       ||     1
       Royal jelly       |       |       |       |       |     3 ||     3
Armor: Robe              |    22 |    28 |    16 |    47 |    96 ||   209
Dodge: Dodged            |    62 |   207 |   227 |   769 |  1999 ||  3264
Block: Buckler           |       |       |       |       |   268 ||   268
       Rpst.: Scimitar   |       |       |       |   100 |   484 ||   584
